cohdb
Replays
Latest Replays
All Replays
Popular Replays
Top Player Replays
Match Explorer
How It Works
Community
CoH3 Stats
Reddit
Sign in to upload your games and track your stats! →
Sign in with Steam
Match 43577300
Unlisted
Match 43577300
Overview
Messages
Build Orders
End
Construct Section Command Post
Vickers Machine Gun Team
Selects Canadian Shock Battlegroup
Selects Canadian Shock Battlegroup
Infantry Section
ML 3-inch Mortar Team
Infantry Section
Infantry Section
Selects Offensive Resupply
Construct Field Infirmary
Grenade Package
Gonta
Colonel Phreeze
Minimizen
胡萝卜
Duffman™
sigounet
QAQ87
King Raptor
0
0
Comments
sign in to comment!
No comments posted yet!